AoeStats
← L.U.C.4

MegaRandom

509701232Analyzed
4v4 RM · 4d ago on Sep 27, 2026· 64m 8s· 8 players
Game mode
Random Map
Map size
Large (8 player)
Population
200
Speed
Normal
Resources
Standard
Victory
Conquest
Starting age
Dark Age
Ending age
Imperial Age
RankedLock teamsTeams togetherTeam positionsShared explorationLock speedFull tech treeHidden civsTurbo modeCheats
Victory
Defeat
🇳🇱 Slavs · Netherlands
1042
+14
🇹🇷 Mongols · Türkiye
986
+17
🇹🇷 Romans · Türkiye
984
+17
🇨🇳 Khitans · China
973
+17
🇨🇭 Mongols · Switzerland
1101
-20
🇨🇭 Britons · Switzerland
1017
-17
🇷🇴 Persians · Romania
988
-16
🇩🇪 Lithuanians · Germany
894
-12
frickman
9:55 Feudal Age
10:36 Double-Bit Axe
12:54 Horse Collar
15:36 Loom
17:49 Bloodlines
21:39 Castle Age
19:52 Forging
19:48 Scale Barding Armor
23:33 Iron Casting
23:19 Chain Barding Armor
23:22 Gold Mining
23:45 Bow Saw
25:33 Husbandry
25:41 Heavy Plow
28:26 Fletching
31:27 Wheelbarrow
31:45 Bodkin Arrow
33:03 Hand Cart
32:47 Town Watch
34:18 Town Patrol
35:53 Ballistics
43:35 Imperial Age
47:30 Chemistry
46:36 Siege Engineers
46:41 Masonry
47:35 Blast Furnace
46:36 Bracer
45:59 Heavy Camel Rider
49:19 Padded Archer Armor
49:57 Hoardings
50:19 Conscription
59:14 Murder Holes
L.U.C.4
11:40 Feudal Age
14:10 Loom
16:29 Castle Age
14:23 Fishing Lines
16:51 Horse Collar
17:02 Double-Bit Axe
18:31 Wheelbarrow
22:35 Bloodlines
23:46 Forging
27:31 Bow Saw
27:07 Horse Collar
29:48 Scale Barding Armor
30:06 Husbandry
31:37 Chain Barding Armor
31:45 Gillnets
33:17 Heavy Plow
33:10 Stone Mining
33:12 Gold Mining
33:18 Gold Mining
37:35 Imperial Age
35:26 Hand Cart
36:58 Elite Skirmisher
38:41 Hoardings
38:27 Conscription
38:34 Conscription
38:17 Kamandaran
38:28 Thumb Ring
38:49 Parthian Tactics
37:56 Light Cavalry
39:30 Padded Archer Armor
39:20 Fletching
40:41 Leather Archer Armor
41:07 Bodkin Arrow
42:25 Hussar
42:26 Heavy Camel Rider
42:27 Cavalier
44:33 Ring Archer Armor
44:39 Plate Barding Armor
44:40 Iron Casting
46:20 Citadels
47:58 Masonry
47:43 Murder Holes
48:09 Ballistics
48:51 Chemistry
47:46 Elite War Elephant
49:30 Blast Furnace
50:22 Savar
58:04 Gold Shaft Mining
58:05 Stone Shaft Mining
58:04 Crop Rotation
58:38 Two-Man Saw
59:23 Architecture
60:24 Caravan
pipermirage
0:38 Loom
12:26 Feudal Age
15:02 Wheelbarrow
15:49 Double-Bit Axe
19:31 Castle Age
18:51 Double-Bit Axe
18:48 Horse Collar
19:30 Gold Mining
23:40 Heavy Plow
26:59 Hand Cart
33:11 Bow Saw
34:02 Forging
33:58 Scale Barding Armor
35:00 Bloodlines
34:51 Husbandry
39:24 Imperial Age
37:37 Chain Barding Armor
37:58 Iron Casting
40:57 Conscription
39:59 Elite Leitis
42:09 Crop Rotation
43:43 Plate Barding Armor
eieieili
8:05 Loom
11:14 Feudal Age
12:38 Double-Bit Axe
17:03 Fletching
17:13 Padded Archer Armor
17:24 Forging
17:14 Scale Mail Armor
26:20 Castle Age
25:52 Stone Mining
26:56 Elite Skirmisher
30:19 Pikeman
30:59 Squires
30:59 Bodkin Arrow
31:19 Leather Archer Armor
36:28 Imperial Age
34:23 Crossbowman
36:18 Wheelbarrow
37:48 Hand Cart
39:57 Bracer
43:10 Ring Archer Armor
45:53 Arbalester
49:47 Ballistics
50:28 Chemistry
Giraffetietje
9:05 Loom
11:40 Feudal Age
12:13 Double-Bit Axe
12:09 Horse Collar
19:14 Castle Age
17:53 Forging
19:24 Scale Barding Armor
19:31 Bloodlines
20:09 Wheelbarrow
21:01 Husbandry
22:50 Iron Casting
24:22 Chain Barding Armor
24:19 Gold Mining
27:18 Gold Shaft Mining
30:43 Scale Mail Armor
34:36 Chain Mail Armor
35:26 Hand Cart
37:48 Imperial Age
36:43 Man-at-Arms
37:25 Squires
38:36 Long Swordsman
39:34 Bow Saw
39:49 Conscription
39:32 Druzhina
40:37 Blast Furnace
40:08 Plate Mail Armor
39:51 Capped Ram
40:42 Siege Ram
40:45 Two-Handed Swordsman
43:00 Two-Man Saw
42:33 Champion
47:07 Heavy Plow
49:34 Pikeman
50:14 Halberdier
özgür_44_34
0:39 Loom
14:13 Feudal Age
17:17 Double-Bit Axe
25:02 Horse Collar
25:23 Gold Mining
28:02 Castle Age
31:22 Pikeman
32:02 Squires
39:39 Husbandry
45:40 Padded Archer Armor
53:34 Imperial Age
52:56 Stone Mining
53:32 Bow Saw
54:20 Heavy Scorpion
58:05 Chemistry
58:43 Wheelbarrow
58:12 Light Cavalry
59:03 Bloodlines
59:23 Leather Archer Armor
59:14 Scale Barding Armor
59:01 Fletching
59:21 Forging
59:12 Scale Mail Armor
62:49 Gold Shaft Mining
62:18 Heavy Plow
61:43 Cavalier
62:40 Ballistas
62:58 Comitatenses
63:50 Elite Centurion
Cleo[FTR]
0:48 Loom
12:40 Feudal Age
13:23 Double-Bit Axe
13:20 Horse Collar
18:19 Castle Age
24:04 Wheelbarrow
23:15 Town Watch
23:28 Gold Mining
25:01 Bow Saw
26:26 Hand Cart
33:28 Imperial Age
31:27 Ballistics
31:13 Fletching
32:36 Town Patrol
33:46 Bodkin Arrow
33:52 Padded Archer Armor
35:11 Heavy Plow
35:19 Bracer
35:35 Leather Archer Armor
35:49 Parthian Tactics
35:30 Thumb Ring
36:03 Bloodlines
35:54 Husbandry
37:46 Hoardings
39:10 Chemistry
39:10 Elite Mangudai
47:27 Elite Steppe Lancer
48:16 Scale Barding Armor
48:21 Forging
49:54 Chain Barding Armor
51:05 Iron Casting
53:20 Blast Furnace
57:41 Nomads
59:56 Medium Warships
待有时
10:54 Feudal Age
13:28 Double-Bit Axe
14:22 Domestication
17:33 Castle Age
19:14 Husbandry
19:47 Pastoralism
20:39 Bow Saw
23:10 Loom
24:47 Gold Mining
26:04 Scale Barding Armor
25:56 Stone Mining
27:02 Forging
30:37 Iron Casting
32:32 Wheelbarrow
31:52 Light Cavalry
33:24 Chain Barding Armor
33:59 Hand Cart
34:49 Stone Shaft Mining
34:06 Town Watch
38:52 Imperial Age
38:35 Fletching
40:24 Plate Barding Armor
39:45 Bodkin Arrow
41:10 Two-Man Saw
40:41 Transhumance
39:45 Man-at-Arms
41:07 Conscription
40:42 Elite Steppe Lancer
41:12 Hussar
41:26 Hussar
43:47 Heavy Camel Rider
46:33 Bracer
62:54 Ordo Cavalry
Connection lost

Rejoining the realm…

Still unreachable

The connection could not be restored.

Session expired

The server has moved on; the page needs a fresh start.